 Dungeon Sprint DCSS version bcrawl-1.23.1 (webtiles) character file.

Game seed: 17687240839383126380

11 pasperui the Conjurer (level 2, 0/22 HPs)
             Began as a Naga Wizard on May 26, 2020.
             Was a Follower of Cheibriados.
             Slain by a worker ant (5 damage)
             ... in the Dungeon (Sprint VII: "The Pits").
             The game lasted 00:01:42 (196 turns).

pasperui the Conjurer (Naga Wizard)                  Turns: 196, Time: 00:01:43

Health: 0/22       AC:  1    Str: 12    XL:     2   Next: 29%
Magic:  5/6        EV: 10    Int: 21    God:    Cheibriados [*.....]
Gold:   0          SH:  0    Dex: 12    Spells: 6/7 levels left

rFire    . . .     SeeInvis +   s - +2 falchion
rCold    . . .     Gourm    .   (no shield)
rNeg     . . .     Faith    .   b - +0 robe
rPois    +         Spirit   .   c - +0 hat
rElec    .         Reflect  .   (no cloak)
rCorr    .         Harm     .   (no gloves)
MR       .....     NoTele   +   (no barding)
Stlth    ++........             (no amulet)
HPRegen  0.07/turn              (no ring)
MPRegen  0.10/turn              (no ring)

@: short of breath, very slow
A: large, see invisible, deformed body, poison resistance, slowness 2, slow
metabolism 1, spit poison 1, AC +0
a: Spit Poison, Bend Time, Renounce Religion


You were in the Dungeon.
You worshipped Cheibriados.
Cheibriados was aware of your devotion.
You were not hungry.

You visited 1 branch

Inventory:

Hand Weapons
 s - a +2 falchion (weapon)
Missiles
 q - 10 stones (quivered)
Armour
 b - a +0 robe (worn)
 c - a +0 hat (worn)
Magical Staves
 r - an uncursed staff of energy
Scrolls
 l - a scroll of blinking
 m - 2 scrolls of vulnerability
 n - 3 scrolls of remove curse
 o - 5 scrolls of amnesia
 p - a scroll of summoning
Potions
 d - 2 potions of invisibility
 f - a potion of brilliance
 i - a potion of haste
 j - 4 potions of magic
 k - 3 potions of berserk rage
Comestibles
 a - a chunk of flesh
 e - 9 rations {!d}


   Skills:
 + Level 1.1 Long Blades
 - Level 1.5 Dodging
 - Level 3.2 Stealth
 - Level 3.0 Spellcasting
 * Level 4.2 Conjurations
   Level 1.0 Summonings
   Level 1.0 Translocations


You had 6 spell levels left.
You knew the following spells:

 Your Spells              Type           Power        Failure   Level  Hunger
a - Magic Dart            Conj           ###.         2%          1    None

Your spell library contained the following spells:

 Spells                   Type           Power        Failure   Level  Hunger
 Blink                    Tloc           N/A          13%         2    ##.....
 Call Imp                 Summ           #.....       13%         2    ##.....
 Conjure Flame            Conj/Fire      ##......     17%         3    ###....
 Mephitic Cloud           Conj/Pois/Air  #.......     22%         3    ###....
 Spider Form              Tmut/Pois      #..          36%         3    ###....


Dungeon Overview and Level Annotations

Branches:
Dungeon (1/1)

Altars:
Ashenzari
Cheibriados
Dithmenos
Elyvilon
Fedhas
Gozag
Hepliaklqana
Kikubaaqudgha
Lugonu
Makhleb
Nemelex Xobeh
Okawaru
Qazlal
Ru
Sif Muna
Trog
Uskayaw
Vehumet
Wu Jian
Xom
Yredelemnul
Zin
The Shining One
Beogh
Jiyva


Innate Abilities, Weirdness & Mutations

You cannot wear boots.
Your serpentine skin is tough. (AC +0)
You have supernaturally acute eyesight. (SInv)
Armour fits poorly on your strangely shaped body.
Your system is resistant to poisons. (rPois)
You cover ground very slowly.
You have a slow metabolism.
You can spit poison.


Message History

Press: ? - help, Shift-Dir - straight line, f - worker ant
Aim: a worker ant (moderately wounded)
The magic dart hits the worker ant but does no damage.
The worker ant is moderately wounded.
The worker ant bites you.
* * * LOW HITPOINT WARNING * * *
Casting: Magic Dart (safe; 2% risk of failure)
Confirm with . or Enter, or press ? or * to list all spells.
You don't know that spell.
Unknown command.
Okay, then.
You feel better. The worker ant closely misses you.
Unknown command.
Press: ? - help, Shift-Dir - straight line, f/p - worker ant
Aim: a worker ant (moderately wounded)
The splash of poison misses the worker ant.
You feel slightly more hungry. The worker ant bites you.
* * * LOW HITPOINT WARNING * * *
The worker ant bites you.
You die...

##########'##........
#....')))')##......#.
##########.##........
#...........'........
+#####'#####......#.
#..รท..# #........
#.....# ####'####
###'### #.......#
#a@...# #.......#
#.....# #.......#
####+## #...<...#
#.......# #.......#
#.......# #########


You could see a worker ant.

Vanquished Creatures
  An adder (D)
  A bat skeleton (D)
  A kobold (D)
  A rat (D)
4 creatures vanquished.

Notes
Turn   | Place    | Note
-------+----------+-------------------------------------------
     0 | D        | pasperui the Naga Wizard began the quest for the Orb.
     0 | D        | Reached XP level 1. HP: 15/15 MP: 4/4
    21 | D        | Found a bloodstained altar of Trog.
    21 | D        | Found a shimmering blue altar of Sif Muna.
    21 | D        | Found a viscous altar of Jiyva.
    21 | D        | Found a hazy altar of Hepliaklqana.
    21 | D        | Found an opulent altar of Gozag.
    22 | D        | Found a glowing golden altar of the Shining One.
    22 | D        | Found a glowing silver altar of Zin.
    22 | D        | Found a basalt altar of Yredelemnul.
    22 | D        | Found a shimmering altar of Xom.
    22 | D        | Found an ornate altar of the Wu Jian Council.
    22 | D        | Found a sacrificial altar of Ru.
    22 | D        | Found a stormy altar of Qazlal.
    22 | D        | Found an iron altar of Okawaru.
    22 | D        | Found a sparkling altar of Nemelex Xobeh.
    22 | D        | Found a burning altar of Makhleb.
    22 | D        | Found a blossoming altar of Fedhas.
    22 | D        | Found a white marble altar of Elyvilon.
    22 | D        | Found a shadowy altar of Dithmenos.
    22 | D        | Found a snail-covered altar of Cheibriados.
    23 | D        | Found a radiant altar of Vehumet.
    23 | D        | Found a corrupted altar of Lugonu.
    23 | D        | Found a roughly hewn altar of Beogh.
    24 | D        | Found a hide-covered altar of Uskayaw.
    24 | D        | Found an ancient bone altar of Kikubaaqudgha.
    24 | D        | Found a shattered altar of Ashenzari.
   158 | D        | Became a worshipper of Cheibriados the Contemplative
   177 | D        | Reached skill level 4 in Conjurations
   177 | D        | Reached XP level 2. HP: 22/22 MP: 6/6
   180 | D        | Reached * piety under Cheibriados
   180 | D        | Reached skill level 1 in Long Blades
   196 | D        | Slain by a worker ant

Skill      XL: |  1  2 |
---------------+-------+-----
Conjurations   | 4 |  4.2
Long Blades    | 1 |  1.1
Dodging        | |  1.5
Stealth        | |  3.2
Spellcasting   | |  3.0
Summonings     | |  1.0
Translocations | |  1.0

Action                   || total
-------------------------++-------
Melee: Falchion          ||    11
       Staff             ||     4
 Cast: Magic Dart        ||     5
 Abil: Spit Poison       ||     1
  Use: Potion            ||     2
 Stab: Sleeping          ||     1
Armor: Robe              ||     7
Dodge: Dodged            ||    19
